 Dungeon Crawl Stone Soup version 0.29-a0-284-gf9362112df (webtiles) character file.

Game seed: 14755329440452185744

5331 spaghetti the Covert (level 10, -3/64 HPs)
             Began as a Vampire Enchanter on Mar 22, 2022.
             Was a High Priest of Okawaru.
             Killed from afar by an acid dragon (14 damage)
             ... with a splash of acid
             ... on level 11 of the Dungeon.
             The game lasted 00:27:36 (9348 turns).

spaghetti the Covert (Vampire Enchanter)            Turns: 9348, Time: 00:27:37

Health: -3/64      AC:  6    Str: 11      XL:     10   Next: 38%
Magic:  17/22      EV: 12    Int: 20      God:    Okawaru [*****.]
Gold:   625        SH:  7    Dex: 28 (29) Spells: 6/13 levels left

rFire   . . .      SeeInvis +   E - +1 dagger (vamp) {short}
rCold   + + +      Faith    +   o - +2 buckler
rNeg    + + +      Spirit   .   y - +3 leather armour of Pualar {Drain Str+2 Dex+7 Stlth+}
rPois   ∞          Reflect  .   p - +2 helmet "Rosymuip" {rElec rN++ Dex+5}
rElec   +          Harm     .   M - +0 cloak {Stlth+}
rCorr   .          Rampage  .   (no gloves)
Will    +....                   (no boots)
Stlth   ++++++++++              e - amulet of faith {!P}
HPRegen 0.00/turn               z - +4 ring of protection
MPRegen 0.18/turn               J - ring "Pewotein" {rC+ rN+ MP+9 Int+2}

@: marked, corroded, bloodless, inhibited regen
A: bloodless, fangs 3, see invisible, vampiric 2
a: Bat Form, Revivify, Renounce Religion, Heroism, Finesse, Duel


You were on level 11 of the Dungeon.
You worshipped Okawaru.
Okawaru was extremely pleased with you.
You visited 1 branch of the dungeon, and saw 11 of its levels.

You collected 625 gold pieces.


Innate Abilities, Weirdness & Mutations

You do not regenerate when monsters are visible.
You are frail without blood (-20% HP).
You can heal yourself when you bite living creatures.
You are immune to poison.
You have razor-sharp teeth.
You have supernaturally acute eyesight. (SInv)
You are afflicted with vampirism and can become a bat while bloodless.


   Skills:
 + Level 8.3 Fighting
 - Level 1.1(6.2) Short Blades
 + Level 9.0(9.1) Long Blades
 - Level 2.1 Dodging
 - Level 12.0 Stealth
 - Level 2.0 Spellcasting
 - Level 6.0 Hexes
 - Level 2.0 Transmutations
 - Level 2.0 Ice Magic
 - Level 2.0 Earth Magic


You had 6 spell levels left.
You knew the following spells:

 Your Spells              Type           Power      Damage    Failure   Level
a - Confusing Touch       Hex            26%        N/A       8%          3
b - Ensorcelled Hibernat  Hex/Ice        36%        N/A       9%          2
c - Passwall              Tmut/Erth      8%         N/A       19%         2

Your spell library contained the following spells:

 Spells                   Type           Power      Damage    Failure   Level
 Sandblast                Erth           20%        2d7       13%         1
 Dazzling Flash           Conj/Hex       28%        N/A       26%         3
 Stone Arrow              Conj/Erth      12%        3d7       50%         3
 Vampiric Draining        Necr           2%         2d6       65%         3
 Borgnjor's Vile Clutch   Necr/Erth      3%         N/A       99%         5
 Tukima's Dance           Hex            Unusable   N/A       N/A         3

Inventory:

Hand Weapons
 b - a +0 hunting sling of flaming {sling}
   (You found it on level 1 of the Dungeon)
 t - a +3 great sword {long}
   (You took it off Urug on level 9 of the Dungeon)
 E - a +1 vampiric dagger (weapon) {short}
   (You took it off a goblin on level 3 of the Dungeon)
 L - a +0 great mace of electrocution {mace}
   (You found it on level 7 of the Dungeon)
 P - a +0 rapier {short}
   (You found it on level 9 of the Dungeon)
Missiles
 d - 212 stones (quivered) {throwing}
 g - 5 javelins {throwing}
 n - 19 poisoned darts {throwing}
 O - 2 throwing nets {=f!fthrowing}
Armour
 o - a +2 buckler (worn)
   (You found it on level 2 of the Dungeon)
 p - the +2 helmet "Rosymuip" (worn) {rElec rN++ Dex+5}
   (You found it on level 4 of the Dungeon)

   Dex:       It affects your dexterity (+5).
   rElec:     It insulates you from electricity.
   rN:        It greatly protects you from negative energy.
 y - the +3 leather armour of Pualar (worn) {Drain Str+2 Dex+7 Stlth+}
   (You took it off a hobgoblin on level 3 of the Dungeon)

   Str:       It affects your strength (+2).
   Dex:       It affects your dexterity (+7).
   Drain:     It drains your maximum health when unequipped.
   Stlth:     It makes you more stealthy.
 M - a +0 cloak of stealth (worn)
   (Okawaru gifted it to you on level 9 of the Dungeon)
Magical Staves
 u - a staff of fire {!astaff}
   (You found it on level 5 of the Dungeon)
 x - a staff of air {!astaff}
   (You took it off a hobgoblin on level 3 of the Dungeon)
 D - a staff of air {!astaff}
   (You found it on level 5 of the Dungeon)
 G - a staff of cold {!astaff}
   (You found it on level 6 of the Dungeon)
Jewellery
 a - a ring of protection from cold
   (You found it on level 10 of the Dungeon)
 e - an amulet of faith (around neck) {!P}
   (You found it on level 1 of the Dungeon)
 m - an amulet of reflection
   (You found it on level 7 of the Dungeon)
 s - a ring of wizardry
   (You found it on level 5 of the Dungeon)
 z - a +4 ring of protection (left hand)
   (You took it off a hobgoblin on level 3 of the Dungeon)
 C - a +6 ring of intelligence
   (You found it on level 3 of the Dungeon)
 F - a +6 ring of dexterity
   (You took it off a gnoll on level 5 of the Dungeon)
 J - the ring "Pewotein" (right hand) {rC+ rN+ MP+9 Int+2}
   (You found it on level 6 of the Dungeon)

   [ring of protection from cold]

   Int:       It affects your intelligence (+2).
   rC:        It protects you from cold.
   rN:        It protects you from negative energy.
   MP:        It affects your magic capacity (+9).
 N - a ring of positive energy
   (You found it on level 8 of the Dungeon)
Wands
 q - a wand of digging (9)
   (You found it on level 4 of the Dungeon)
Scrolls
 f - a scroll of vulnerability {!r!r}
 h - 6 scrolls of teleportation {@r4}
 i - 4 scrolls of identify {@r1}
 k - 2 scrolls of immolation {!r!r}
 l - 3 scrolls of enchant armour
 A - 2 scrolls of magic mapping {!r}
Potions
 v - a potion of invisibility
 w - a potion of cancellation
 B - 7 potions of curing {@q1}
 H - a potion of haste {@q3}
 I - a potion of magic
 K - a potion of flight

Dungeon Overview and Level Annotations

Branches:
Dungeon (11/15)            Temple (0/1) D:7            Lair (0/6) D:10
    Orc: D:9-12

Altars:
Dithmenos
Okawaru

Annotations:
D:10 Harold

# . #.##### .#
###.#...###.#
#...........
##.!.......#
.....§§§§$.#
......§@§..#
......§§§§##
D.....§.§....
.....[.?#.####
....##..#.#
.... #..#.#
..# #... . ..
#.## .


You could see an acid dragon (catching breath).


Message History

You kill the yak!
Okawaru accepts your kill.
The yak bellows!
You feel your dexterity returning.
Casting: Passwall (safe; 19% risk of failure)
Confirm with . or Enter, or press ? or * to list all spells.
Aiming: Ensorcelled Hibernation (safe; 9% risk of failure)
Press: ? - help, Shift-Dir - straight line, f - yak
Aim: a yak (chance to affect: 50%)
The yak looks drowsy... 😎 MP[-2]
You lost 2 mp, and now have 11/22 mp.
Casting: Ensorcelled Hibernation (safe; 9% risk of failure)
Confirm with . or Enter, or press ? or * to list all spells.
You can't see any susceptible monsters within range! (Use Z to cast anyway.) 😎 MP[+1]
The helpless yak fails to defend itself.
You bite the yak, and draw its blood! You perforate the yak like a sieve!!!!
You kill the yak!
Okawaru accepts your kill.
Your Long Blades skill increases to level 9!
a - a ring of protection from cold 😎 MP[+10]
Your mp is fully restored (22).
q - a wand of digging (9) (gained 5 charges)
The acid dragon spits acid at you. The splash of acid hits you!!
The acid corrodes you!
You see here 18 stones {throwing}. 😮 HP[-21]
You take 21 damage, and now have 43/64 hp.
MASSIVE DAMAGE!! (PAUSE)
Casting: Ensorcelled Hibernation (safe; 9% risk of failure)
Confirm with . or Enter, or press ? or * to list all spells.
Aiming: Ensorcelled Hibernation (safe; 9% risk of failure)
Press: ? - help, Shift-Dir - straight line, f - Harold
Aim: Harold, wielding a +0 hand axe, wearing a +0 ring mail and quivering 3 throwing nets (wandering, hasn't noticed you, chance to affect: 19%)
You miscast Ensorcelled Hibernation.
You are very lightly contaminated with residual magic.
Nothing appears to happen.
Harold fires a harpoon shot at you. The harpoon shot hits you.
You are yanked forward by the harpoon shot.
Found a stone staircase leading down. 😮 HP[-3] MP[-2]
You take 3 damage, and now have 40/64 hp.
You lost 2 mp, and now have 20/22 mp.
Unknown command.
Casting: Ensorcelled Hibernation (safe; 9% risk of failure)
Confirm with . or Enter, or press ? or * to list all spells.
Aiming: Ensorcelled Hibernation (safe; 9% risk of failure)
Press: ? - help, Shift-Dir - straight line, f/p - Harold
Aim: Harold, wielding a +0 hand axe, wearing a +0 ring mail and quivering 3 throwing nets (chance to affect: 19%) Harold resists with almost no effort.
Harold hits you but does no damage. 😮 MP[-2]
You lost 2 mp, and now have 18/22 mp.
Casting: Ensorcelled Hibernation (safe; 9% risk of failure)
Confirm with . or Enter, or press ? or * to list all spells.
Your hands begin to glow red.
Harold hits you with a +0 hand axe. 😮 HP[-2] MP[-3]
You take 2 damage, and now have 38/64 hp.
You lost 3 mp, and now have 15/22 mp.
You hit Harold but do no damage. Harold hits you with a +0 hand axe!
* * * LOW HITPOINT WARNING * * *
😨 HP[-11]
You take 11 damage, and now have 27/64 hp.
You hit Harold but do no damage.
Harold appears confused.
You bite Harold, but do no damage. The acid dragon spits acid at you.
The splash of acid hits you!
* * * LOW HITPOINT WARNING * * *
The acid corrodes you! 😱 HP[-17]
You take 17 damage, and now have 10/64 hp.
MASSIVE DAMAGE!! (PAUSE) Really read
j - a scroll of blinking {!r}?
Blink to where?
Press: ? - help, Dir - move target, p - Harold
Found a staircase to the Lair.
As you read the scroll of blinking {!r}, it crumbles to dust.
A sourceless malevolence fills the Dungeon...
With a horrendous wail, an alarm goes off!
A sentinel's mark forms upon you.
You hear a shout! 😱 MP[+1]
You climb downwards.
You feel a wave of frost pass over you.
There is an entrance to an ice cave on this level.
Hurry and find it before the portal melts!
You hear a distant snort.
Hark!
There is a gateway to a gauntlet on this level.
Find the entrance quickly before the gate is sealed!
There is a stone staircase leading up here.
You start resting.
Your magical contamination has completely faded away.
You start resting.
An acid dragon comes into view. 😱 HP[+1] MP[+1]
As you read the scroll of fog, it crumbles to dust.
The scroll dissolves into smoke.
The acid dragon spits acid at you. The splash of acid hits you!
You die...

Skill      XL: |  1  2  3  4  5  6  7  8  9 10 |
---------------+-------------------------------+-----
Stealth        | 5 6 8 9 12 | 12.0
Fighting       | 1 2 3 4 5 7 8 |  8.3
Long Blades    | 1 2 4 5 6 8 9 |  9.0
Hexes          | 5 6 |  6.0
Ice Magic      | 1 2 |  2.0
Transmutations | 2 |  2.0
Earth Magic    | 2 |  2.0
Short Blades   | |  1.1
Dodging        | |  2.1
Spellcasting   | |  2.0

Action                   |  1- 3 |  4- 6 |  7- 9 | 10-12 || total
-------------------------+-------+-------+-------+-------++-------
Melee: Dagger            |    85 |    72 |   222 |    20 ||   399
       Bite              |     6 |     4 |    14 |     3 ||    27
       Punch             |     1 |       |       |       ||     1
       Unarmed           |       |       |     1 |       ||     1
 Fire: Hunting sling     |     9 |     7 |       |       ||    16
Throw: Stone             |     2 |       |    12 |       ||    14
 Cast: Ensorcelled Hiber |       |    18 |   100 |     8 ||   126
       Confusing Touch   |       |     1 |    11 |     2 ||    14
       Passwall          |       |       |       |     4 ||     4
Invok: Heroism           |       |     1 |       |     1 ||     2
 Abil: Exsanguinate      |       |     1 |     1 |       ||     2
       Bat Form          |       |       |     2 |       ||     2
       Revivify          |       |       |     1 |       ||     1
       End Transformatio |       |       |     1 |       ||     1
Evoke: Wand              |       |       |     1 |       ||     1
  Use: Potion            |     4 |     1 |     8 |       ||    13
       Scroll            |       |       |     9 |     2 ||    11
 Stab: Sleeping          |     5 |    19 |    64 |     8 ||    96
       Confused          |       |     2 |     6 |     2 ||    10
Armor: Robe              |    18 |    10 |    99 |       ||   127
       Leather armour    |       |       |     9 |     7 ||    16
Dodge: Dodged            |    89 |    31 |   179 |    10 ||   309
Block: Buckler           |       |       |    98 |    12 ||   110

Levels and vault maps discovered:
D:1:      heliophobic_arrival_glass_houses, layout_rooms,
          hellmonk_ecumenical_altar_blasted
D:2:      layout_basic, uniq_sigmund
D:3:      layout_basic, nicolae_dithmenos_shadow_blocks, uniq_crazy_yiuf_cottage
D:4:      layout_loops_ring
D:5:      layout_loops_ring, portal_sewer_entry_f, glass_columns_b,
          kennysheep_generic_room_9, uniq_duvessa
D:6:      layout_basic
D:7:      layout_cave_pods, okawaru_metal_pillars_3, minmay_temple_entry_waves,
          uniq_pikel
D:8:      wander_kiku_kobolds, layout_cave_pools
D:9:      layout_basic, st_stairs_13
D:10:     layout_rooms, mainiacjoe_overflow_small_starburst,
          fiery_altar_vehumet, hiddenorc2_lemuel, uniq_maggie, uniq_urug,
          uniq_harold
D:11:     layout_loops_ring, portal_ice_cave_entry_imps, gammafunk_ghost_smash,
          gauntlet_entry_generic

Notes
Turn   | Place    | Note
-------+----------+-------------------------------------------
     0 | D:1      | spaghetti the Vampire Enchanter began the quest for the
                  | Orb.
     0 | D:1      | Reached XP level 1. HP: 13/13 MP: 3/3
     0 | D:1      | magus.rc [v1.9.6]
    74 | D:1      | HP: 2/13 [kobold/+0 short sword (4)]
   154 | D:1      | Reached skill level 5 in Stealth
   160 | D:1      | Reached XP level 2. HP: 19/19 MP: 5/5
   166 | D:1      | HP: 4/19 [quokka (3)]
   230 | D:1      | Found a faded altar of an unknown god.
   251 | D:1      | HP: 4/19 [quokka (5)]
   259 | D:1      | HP: 3/19 [bat (1)]
   480 | D:1      | Reached skill level 6 in Stealth
   713 | D:1      | Prayed at the altar of an unknown god.
   713 | D:1      | Became a worshipper of Warmaster Okawaru
   713 | D:1      | Reached * piety under Okawaru
   787 | D:1      | Gained mutation: You are afflicted with vampirism and can
                  | become a bat while bloodless. [Vampire growth]
   787 | D:1      | Reached XP level 3. HP: 25/25 MP: 6/6
   856 | D:1      | Learned a level 3 spell: Confusing Touch
   859 | D:1      | Learned a level 2 spell: Ensorcelled Hibernation
  1206 | D:2      | HP: 4/25 [quokka (4)]
  1207 | D:2      | Reached skill level 1 in Fighting
  1207 | D:2      | Reached skill level 1 in Long Blades
  1207 | D:2      | Reached XP level 4. HP: 5/32 MP: 7/7
  1212 | D:2      | HP: 1/32 [quokka (3)]
  1443 | D:2      | Reached skill level 7 in Stealth
  1529 | D:2      | Noticed Sigmund
  1636 | D:2      | Killed Sigmund
  1636 | D:2      | Reached ** piety under Okawaru
  1637 | D:2      | Reached skill level 2 in Fighting
  1637 | D:2      | Reached skill level 2 in Long Blades
  1637 | D:2      | Reached skill level 8 in Stealth
  1637 | D:2      | Reached XP level 5. HP: 39/39 MP: 3/8
  1723 | D:2      | You fall into a shaft and drop 2 floors!
  1917 | D:4      | Reached skill level 3 in Fighting
  1917 | D:4      | Reached XP level 6. HP: 37/37 MP: 9/9
  2112 | D:4      | Reached *** piety under Okawaru
  2300 | D:4      | Reached skill level 3 in Long Blades
  2656 | D:4      | Reached skill level 4 in Fighting
  2656 | D:4      | Reached skill level 4 in Long Blades
  2656 | D:4      | Reached XP level 7. HP: 43/43 MP: 1/10
  2791 | D:4      | Identified the +2 helmet "Rosymuip" {rElec rN++ Dex+5}
  2999 | D:5      | Entered Level 5 of the Dungeon
  3079 | D:5      | HP: 10/43 [water moccasin (7)]
  3327 | D:5      | Noticed Dowan
  3327 | D:5      | Noticed Duvessa
  3335 | D:4      | Reached **** piety under Okawaru
  3444 | D:5      | Reached skill level 5 in Long Blades
  3522 | D:4      | HP: 8/44 [Duvessa/+0 short sword (4)]
  4384 | D:2      | Killed Duvessa
  4385 | D:2      | Reached skill level 5 in Fighting
  4385 | D:2      | Reached skill level 5 in Hexes
  4387 | D:2      | Killed Dowan
  4388 | D:2      | Reached skill level 1 in Ice Magic
  4388 | D:2      | Reached XP level 8. HP: 49/49 MP: 6/11
  4852 | D:3      | Found a runed translucent door.
  4853 | D:3      | Noticed Crazy Yiuf
  4924 | D:3      | Killed Crazy Yiuf
  5039 | D:3      | Found a shadowy altar of Dithmenos.
  5045 | D:3      | Identified the +3 leather armour of Pualar {Drain Str+2
                  | Dex+7 Stlth+}
  5506 | D:5      | You pick up a book of Geomancy and begin reading...
  5506 | D:5      | You add the spells Sandblast, Passwall and Stone Arrow to
                  | your library.
  6235 | D:6      | Learned a level 2 spell: Passwall
  6482 | D:6      | Reached skill level 6 in Hexes
  6798 | D:6      | Reached skill level 1 in Transmutations
  6798 | D:6      | Reached skill level 1 in Earth Magic
  6850 | D:6      | Reached skill level 2 in Ice Magic
  6906 | D:6      | Reached skill level 2 in Transmutations
  7028 | D:6      | Identified the ring "Pewotein" {rC+ rN+ MP+9 Int+2}
  7120 | D:7      | Found an iron altar of Okawaru.
  7199 | D:6      | Reached skill level 2 in Earth Magic
  7202 | D:6      | Reached ***** piety under Okawaru
  7203 | D:6      | Reached skill level 6 in Long Blades
  7203 | D:6      | Reached skill level 9 in Stealth
  7300 | D:7      | Found a staircase to the Ecumenical Temple.
  7813 | D:8      | Reached XP level 9. HP: 55/55 MP: 12/12
  7822 | D:8      | Reached skill level 6 in Fighting
  8024 | D:9      | Noticed a two-headed ogre
  8026 | D:9      | HP: 5/55 [two-headed ogre/+0 giant spiked club (16)]
  8415 | D:9      | Killed a two-headed ogre
  8416 | D:9      | Reached skill level 7 in Long Blades
  8416 | D:9      | Reached skill level 10 in Stealth
  8521 | D:9      | Reached skill level 11 in Stealth
  8700 | D:9      | Received a gift from Okawaru
  8750 | D:9      | Reached skill level 7 in Fighting
  8997 | D:10     | Entered Level 10 of the Dungeon
  8997 | D:10     | Noticed a cyclops
  9002 | D:10     | Killed a cyclops
  9009 | D:10     | Reached skill level 8 in Long Blades
  9009 | D:10     | Reached skill level 12 in Stealth
  9009 | D:10     | Reached XP level 10. HP: 63/63 MP: 12/13
  9050 | D:10     | Noticed Urug
  9154 | D:9      | Killed Urug
  9155 | D:9      | Reached skill level 8 in Fighting
  9206 | D:10     | You add the spells Vampiric Draining and Borgnjor's Vile
                  | Clutch to your library.
  9206 | D:10     | Got Haullu Ysypt's Disquisition on Black Arts
  9229 | D:10     | Noticed Harold
  9261 | D:10     | Reached skill level 9 in Long Blades
  9338 | D:10     | HP: 10/64 [acid dragon/splash of acid (17)]
  9339 | D:10     | Found a staircase to the Lair.
  9348 | D:11     | Killed from afar by an acid dragon

Vanquished Creatures
  A two-headed ogre (D:9)
  Urug (D:9)
  A cyclops (D:10)
  A hornet (D:10)
  Sigmund (D:2)
  4 yaks (D:10)
  A wyvern (D:10)
  An acid dragon (D:9)
  2 water moccasins
  Duvessa (D:2)
  3 orc warriors
  2 sky beasts (D:6)
  2 black bears
  An ogre (D:4)
  A centaur (D:9)
  A phantom (D:4)
  3 kobold brigands
  A gnoll sergeant (D:9)
  A necrophage (D:8)
  A bullfrog (D:9)
  4 scorpions
  Dowan (D:2)
  4 howler monkeys
  Crazy Yiuf (D:3)
  5 hounds
  2 jellies
  A gnoll shaman (D:9)
  An iguana (D:5)
  2 orc wizards
  13 gnolls
  7 adders
  An ufetubus (D:6)
  3 worms
  5 dart slugs
  14 orcs
  4 ball pythons (D:1)
  4 bats (D:1)
  4 endoplasms
  8 giant cockroaches
  11 goblins
  5 hobgoblins
  8 jackals
  12 kobolds
  7 quokkas
  3 frilled lizards
  5 rats
165 creatures vanquished.

Table legend:
 A = Non-vault XP
 B = Vault XP
 C = Vault XP percentage of total XP
 D = Non-vault monster count
 E = Vault monster count
 F = Vault count percentage of total count
                 A         B        C        D         E       F
            +---------+---------+-------+---------+---------+-------
      Total |    5913 |    1704 |  22.4 |     150 |      15 |   9.1
            +---------+---------+-------+---------+---------+-------
        D:1 |      52 |       0 |   0.0 |      28 |       0 |   0.0
        D:2 |      87 |     430 |  83.2 |      18 |       3 |  14.3
        D:3 |      50 |      42 |  45.7 |      13 |       1 |   7.1
        D:4 |     580 |       0 |   0.0 |      25 |       0 |   0.0
        D:5 |     466 |       8 |   1.7 |      10 |       4 |  28.6
        D:6 |     786 |       0 |   0.0 |      18 |       0 |   0.0
        D:7 |     122 |       0 |   0.0 |       3 |       0 |   0.0
        D:8 |     312 |     194 |  38.3 |       8 |       4 |  33.3
        D:9 |    1616 |    1030 |  38.9 |      18 |       3 |  14.3
       D:10 |    1842 |       0 |   0.0 |       9 |       0 |   0.0
            +---------+---------+-------+---------+---------+-------

Illustrated notes

Table legend:
 A = Kills in this place as a percentage of kills in entire the game.
 B = Kills by you in this place as a percentage of kills by you in the entire game.
 C = Kills by friends in this place as a percentage of kills by friends in the entire game.
 D = Other kills in this place as a percentage of other kills in the entire game.
 E = Experience gained in this place as a percentage of experience gained in the entire game.
 F = Experience gained in this place divided by the number of levels of this place that you have seen.
                   A       B       C       D       E      F
               +-------+-------+-------+-------+-------+----------------------
         Total | 100.0 | 100.0 |   N/A | 100.0 | 100.0 | 692.5
       Dungeon | 100.0 | 100.0 |   N/A | 100.0 | 100.0 | 692.5
               +-------+-------+-------+-------+-------+----------------------

Table legend: (Time is in decaauts)
 A = Elapsed time spent in this place.
 B = Non-inter-level travel time spent in this place.
 C = Inter-level travel time spent in this place.
 D = Time resting spent in this place.
 E = Time spent auto-exploring this place.
 F = Levels seen in this place.
 G = Mean time per level.
                   A        B        C        D        E       F      G
               +--------+--------+--------+--------+--------+-----+--------+
         Total |   9255 |   8943 |    312 |   2871 |   4123 |  11 |  841.4 |
       Dungeon |   9255 |   8943 |    312 |   2871 |   4123 |  11 |  841.4 |
               +--------+--------+--------+--------+--------+-----+--------+

Top non-repeatable levels by time:
     D:4: 1649 daAuts
     D:1: 1336 daAuts
     D:9: 1153 daAuts
     D:2: 1123 daAuts
     D:3: 1082 daAuts
     D:6: 973 daAuts
     D:5: 913 daAuts
     D:7: 485 daAuts
     D:8: 304 daAuts
    D:10: 228 daAuts
    D:11: 6 daAuts
